 Dungeon Crawl Stone Soup version 0.26-a0-810-ge1a9524b62 (webtiles) character file.

Game seed: 10022904015743642808

518 dickylongcocking the Tainter (level 7, -1/41 HPs)
             Began as an Octopode Venom Mage on Nov 13, 2020.
             Was a Follower of Ashenzari.
             Slain by a centaur skeleton (7 damage)
             ... on level 5 of the Dungeon.
             The game lasted 00:03:25 (4295 turns).

dickylongcocking the Tainter (Octopode Venom Mage)  Turns: 4295, Time: 00:03:26

Health: -1/41      AC:  1    Str:  7    XL:     7   Next: 21%
Magic:  4/11       EV: 13    Int: 19    God:    Ashenzari [*.....]
Gold:   176        SH:  0    Dex: 13    Spells: 3/11 levels left

rFire    . . .     SeeInvis .   v - staff of poison
rCold    . . .     Faith    .   (no shield)
rNeg     . . .     Spirit   .   (helmet restricted)
rPois    +         Reflect  .   (no amulet)
rElec    .         Harm     .   (no ring)
rCorr    .         Rampage  .   (no ring)
MR       .....                  (no ring)
Stlth    +++.......             (no ring)
HPRegen  0.13/turn              (no ring)
MPRegen  0.12/turn              (no ring)
                                (no ring)
                                (no ring)

@: mighty
A: almost no armour, stealthy swim, amphibious, 8 rings, constrict 8, camouflage
1, gelatinous body 1
a: Curse Item, Scrying, Renounce Religion


You were on level 5 of the Dungeon.
You worshipped Ashenzari.
Ashenzari was aware of your devotion.
You visited 1 branch of the dungeon, and saw 5 of its levels.

You collected 176 gold pieces.

Inventory:

Hand Weapons
 c - a +0 mace of draining
 l - a +1 war axe of freezing
Magical Staves
 v - an uncursed staff of poison (weapon)
Wands
 m - a wand of polymorph (4)
Scrolls
 a - 5 scrolls of identify {unknown}
 b - a scroll of noise {unknown}
 d - 3 scrolls of enchant armour {unknown}
 g - 2 scrolls of teleportation {unknown}
 j - a scroll of fear {unknown}
 k - a scroll of enchant weapon {unknown}
 o - 2 scrolls of random uselessness {unknown}
 q - a scroll of immolation {unknown}
 t - a scroll of fog {unknown}
 u - a scroll of amnesia {unknown}
 w - 2 scrolls of remove curse
Potions
 e - 2 potions of heal wounds {unknown}
 f - 2 potions of lignification {unknown}
 h - a potion of magic {unknown}
 i - 2 potions of curing
 p - a potion of invisibility {unknown}
 r - a potion of brilliance {unknown}
 s - 2 potions of flight {unknown}
 x - a potion of haste {unknown}


   Skills:
 - Level 2.0 Dodging
 - Level 2.6 Stealth
 * Level 2.7 Spellcasting
 - Level 1.0 Transmutations
 * Level 9.3 Poison Magic


You had 3 spell levels left.
You knew the following spells:

 Your Spells              Type           Power        Failure   Level
a - Sting                 Tmut/Pois      ####         1%          1
d - Olgreb's Toxic Radia  Pois           ######..     3%          4
i - Ignite Poison         Fire/Tmut/Pois ###.....     12%         3

Your spell library contained the following spells:

 Spells                   Type           Power        Failure   Level
 Poisonous Vapours        Pois/Air       ####..       3%          2
 Mephitic Cloud           Conj/Pois/Air  ###.....     13%         3
 Magic Dart               Conj           #...         16%         1
 Blink                    Tloc           N/A          24%         2
 Call Imp                 Summ           #.......     24%         2
 Slow                     Hex            #.......     24%         2
 Conjure Flame            Conj/Fire      #.......     43%         3


Dungeon Overview and Level Annotations

Branches:
Dungeon (5/15)
 Temple: D:4-7

Altars:
Ashenzari
Makhleb
Vehumet

Annotations:
D:3 2 transporters, TheFrigginByeByeMan's ghost, amateur FoFi


Innate Abilities, Weirdness & Mutations

You cannot wear most types of armour.
You are very stealthy in the water. (Stealth+)
You are amphibious.
You can wear up to eight rings at the same time.
You can use your tentacles to constrict eight enemies at once.
Your skin changes colour to match your surroundings (Stealth+).
Your rubbery body absorbs attacks. (AC +1, EV +1)


Message History

You hit the centaur skeleton.
The centaur skeleton is moderately damaged.
The centaur skeleton closely misses you.
The centaur skeleton hits you.
You see here an adder corpse.
It was a potion of curing.
You feel better. The centaur skeleton barely misses you.
The centaur skeleton hits you!
It was a potion of might.
You feel very mighty all of a sudden. The centaur skeleton hits you.
You hit the centaur skeleton.
The centaur skeleton is heavily damaged.
The centaur skeleton closely misses you.
Unknown command.
You hit the centaur skeleton.
The centaur skeleton is severely damaged.
The centaur skeleton hits you!
* * * LOW HITPOINT WARNING * * *
The centaur skeleton hits you!
You die...

#..# #..# #..#
#?.. ######..#
.#
...(...<##.#
#.......#
#..#Z#.#
#..#@#.#
#..#.#.#
#..#.#.#
#......#
#......#######
#.............
#<.....#######
#.......##
#..#.....###


You could see a centaur skeleton.

Vanquished Creatures
  Sigmund (D:2)
  An ice beast (D:5)
  2 hounds (D:4)
  2 worker ants
  A gnoll (D:1)
  7 adders
  5 worms
  An adder skeleton (D:4)
  2 leopard geckos
  A ball python (D:3)
  4 giant cockroaches
  7 goblins
  7 hobgoblins
  4 jackals (D:2)
  3 kobolds
  2 quokkas
  6 bats
  7 frilled lizards
  10 rats
73 creatures vanquished.

Notes
Turn   | Place    | Note
-------+----------+-------------------------------------------
     0 | D:1      | dickylongcocking the Octopode Venom Mage began the quest
                  | for the Orb.
     0 | D:1      | Reached XP level 1. HP: 11/11 MP: 3/3
   277 | D:1      | Reached skill level 4 in Poison Magic
   287 | D:1      | Found a broken altar of Ashenzari.
   311 | D:1      | Reached XP level 2. HP: 17/17 MP: 5/5
   929 | D:1      | Became a worshipper of Ashenzari the Shackled
  1041 | D:1      | Reached skill level 5 in Poison Magic
  1041 | D:1      | Reached XP level 3. HP: 18/21 MP: 6/6
  1790 | D:2      | Found a radiant altar of Vehumet.
  1791 | D:2      | Found a burning altar of Makhleb.
  1858 | D:2      | Noticed Sigmund
  1865 | D:2      | Killed Sigmund
  1865 | D:2      | Reached skill level 7 in Poison Magic
  1865 | D:2      | Reached XP level 4. HP: 26/27 MP: 7/7
  1865 | D:2      | Reached XP level 5. HP: 29/31 MP: 8/8
  2068 | D:2      | Reached XP level 6. HP: 17/36 MP: 9/9
  2604 | D:2      | Reached skill level 8 in Poison Magic
  3095 | D:3      | Found a transporter.
  3116 | D:3      | Noticed TheFrigginByeByeMan's ghost (amateur FoFi)
  3122 | D:3      | Found a transporter.
  3209 | D:3      | Reached * piety under Ashenzari
  3562 | D:3      | Learned a level 4 spell: Olgreb's Toxic Radiance
  3598 | D:3      | Learned a level 3 spell: Ignite Poison
  4129 | D:4      | Noticed a phantom
  4180 | D:5      | Entered Level 5 of the Dungeon
  4180 | D:5      | Noticed an ice beast
  4186 | D:5      | Killed an ice beast
  4186 | D:5      | Reached skill level 9 in Poison Magic
  4186 | D:5      | Reached XP level 7. HP: 41/41 MP: 4/10
  4295 | D:5      | Slain by a centaur skeleton

Illustrated notes

Levels and vault maps discovered:
D:1:      evilmike_arrival_rings, layout_loops_ring,
          nicolae_ashenzari_panopticon
D:2:      layout_basic, chequers_temple_overflow_statue_of_worship, uniq_sigmund
D:3:      layout_basic, gammafunk_ghost_stat_death
D:4:      layout_gridville, minitemple
D:5:      layout_loops_ring

Skill      XL: |  1  2  3  4  5  6 |
---------------+-------------------+-----
Poison Magic   | 4 5 7 9 |  9.3
Dodging        | |  2.0
Stealth        | |  2.6
Spellcasting   | |  2.7
Transmutations | |  1.0

Action                   |  1- 3 |  4- 6 |  7- 9 || total
-------------------------+-------+-------+-------++-------
Melee: Mace              |    56 |    45 |       ||   101
       Constrict         |    15 |    17 |     2 ||    34
       Tentacles         |     3 |     8 |     2 ||    13
       Staff             |       |    10 |    12 ||    22
 Cast: Sting             |     8 |    23 |     1 ||    32
       Ignite Poison     |       |     2 |     2 ||     4
       Olgreb's Toxic Ra |       |     2 |     1 ||     3
Invok: Curse Item        |       |     1 |       ||     1
  Use: Scroll            |       |     1 |       ||     1
       Potion            |       |       |     2 ||     2
 Stab: Sleeping          |     9 |     2 |       ||    11
Armor: Skin              |     7 |     6 |       ||    13
Dodge: Dodged            |    45 |    69 |     9 ||   123

Table legend: (Time is in decaauts)
 A = Elapsed time spent in this place.
 B = Non-inter-level travel time spent in this place.
 C = Inter-level travel time spent in this place.
 D = Time resting spent in this place.
 E = Time spent auto-exploring this place.
 F = Levels seen in this place.
 G = Mean time per level.
                   A        B        C        D        E       F      G
               +--------+--------+--------+--------+--------+-----+--------+
         Total |   4336 |   4235 |    101 |    397 |   3161 |   5 |  867.2 |
       Dungeon |   4336 |   4235 |    101 |    397 |   3161 |   5 |  867.2 |
               +--------+--------+--------+--------+--------+-----+--------+

Top non-repeatable levels by time:
     D:1: 1647 daAuts
     D:2: 1347 daAuts
     D:3: 810 daAuts
     D:4: 414 daAuts
     D:5: 116 daAuts
